BSA
SPRINGFIELD STARS @ FRESNO DEPLORABLES
08/05/2026
 
TOP OF THE 1ST
Springfield Stars batting - Pitching for Portland Cards : LHP José Garza
Pitching: LHP José Garza
Batting: RHB Norberto Taváres 0-0: Called Strike
0-1: Ball
1-1: Ball
2-1: Called Strike
2-2: Fly out, F8 (Flyball, 8LM)
Batting: RHB Juan Carlos Rodríguez 0-0: Foul Ball, location: 2F
0-1: Foul Ball, location: 2F
0-2: Ground out 6-3 (Groundball, 6M)
Batting: LHB Derek Davidson 0-0: Ball
1-0: Foul Ball, location: 2F
1-1: Ball
2-1: Swinging Strike
2-2: Strikes out swinging
Top of the 1st over - 0 run(s), 0 hit(s), 0 error(s), 0 left on base; Springfield 0 - Portland 0
BOTTOM OF THE 1ST
Portland Cards batting - Pitching for Springfield Stars : LHP Joaquín Gonzáles
Pitching: LHP Joaquín Gonzáles
Batting: LHB John Cotton 0-0: Ball
1-0: Ground out 6-3 (Groundball, 6)
Batting: RHB Aaron Scott 0-0: Foul Ball, location: 2F
0-1: Called Strike
0-2: Foul Ball, location: 2F
0-2: Ball
1-2: Ball
2-2: Ground out 1-3 (Groundball, 15)
Batting: LHB Jeff Daniels 0-0: Called Strike
0-1: SINGLE (Groundball, 4MD)
Batting: RHB Paco Arellano 0-0: Ball
1-0: Swinging Strike
1-1: Ball
2-1: Foul Ball, location: 2F
2-2: Fly out, F9 (Flyball, 89S)
Bottom of the 1st over - 0 run(s), 1 hit(s), 0 error(s), 1 left on base; Springfield 0 - Portland 0
TOP OF THE 2ND
Springfield Stars batting - Pitching for Portland Cards : LHP José Garza
Batting: LHB Felipe Guerrero 0-0: Called Strike
0-1: Ball
1-1: Ball
2-1: Foul Ball, location: 2F
2-2: Ball
3-2: SOLO HOME RUN (Flyball, 89XD), Distance : 388 ft
Batting: RHB Juan Rodríguez 0-0: Ball
1-0: Foul Ball, location: 2F
1-1: Ball
2-1: Swinging Strike
2-2: SINGLE (Groundball, 6MD)
Batting: SHB Shane Hutchinson 0-0: Swinging Strike
0-1: Foul Ball, location: 2F
0-2: Ball
1-2: Ball
2-2: Strikes out swinging
Batting: SHB David García 0-0: Called Strike
0-1: Ball
1-1: Ball
2-1: Ball
3-1: Foul Ball, location: 2F
3-2: Strikes out swinging
Juan Rodríguez is caught stealing 2nd base
Batter strikes out.
Top of the 2nd over - 1 run(s), 2 hit(s), 0 error(s), 0 left on base; Springfield 1 - Portland 0
BOTTOM OF THE 2ND
Portland Cards batting - Pitching for Springfield Stars : LHP Joaquín Gonzáles
Batting: LHB Paul Mullins 0-0: Ball
1-0: Foul Ball, location: 2F
1-1: Ground out 4-3 (Groundball, 4M)
Batting: LHB Tom Blake 0-0: Ball
1-0: Foul Ball, location: 2F
1-1: Ball
2-1: DOUBLE (Groundball, 3D)
Batting: RHB Dexter Potter 0-0: Fly out, F4 (Popup, 34)
Batting: LHB Keith Beard 0-0: Ball
1-0: Ball
2-0: Ground out 6-3 (Groundball, 6)
Bottom of the 2nd over - 0 run(s), 1 hit(s), 0 error(s), 1 left on base; Springfield 1 - Portland 0
TOP OF THE 3RD
Springfield Stars batting - Pitching for Portland Cards : LHP José Garza
Batting: RHB Will Sterling 0-0: Ball
1-0: Called Strike
1-1: Foul Ball, location: 2F
1-2: Strikes out swinging
Batting: LHB Jesús Tobías 0-0: Hit by Pitch
Batting: RHB Norberto Taváres 0-0: Ball
1-0: Ball
2-0: Ball
3-0: Swinging Strike
3-1: Foul Ball, location: 2F
3-2: Foul Ball, location: 2F
3-2: SINGLE (Line Drive, 4MD)
Jesús Tobías to second
Jesús Tobías to third
Batting: RHB Juan Carlos Rodríguez 0-0: Ball
1-0: Ball
2-0: SINGLE (Line Drive, 56)
Jesús Tobías scores
Norberto Taváres to second
Batting: LHB Derek Davidson 0-0: Ball
Norberto Taváres steals 3rd base
Juan Carlos Rodríguez to second
1-0: Called Strike
1-1: Called Strike
1-2: Strikes out swinging
Batting: LHB Felipe Guerrero 0-0: Ball
1-0: Ball
2-0: Ball
3-0: Base on Balls
Batting: RHB Juan Rodríguez 0-0: Foul Ball, location: 2F
0-1: Ball
1-1: Called Strike
1-2: Ball
2-2: Foul Ball, location: 2F
2-2: Strikes out swinging
Top of the 3rd over - 1 run(s), 2 hit(s), 0 error(s), 3 left on base; Springfield 2 - Portland 0
BOTTOM OF THE 3RD
Portland Cards batting - Pitching for Springfield Stars : LHP Joaquín Gonzáles
Batting: RHB Dani Vázquez 0-0: Swinging Strike
0-1: Ball
1-1: Foul Ball, location: 2F
1-2: Ball
2-2: SINGLE (Line Drive, 7LS)
Batting: LHB John Cotton 0-0: Called Strike
0-1: Ball
1-1: Fielders Choice at 2nd, 1-4 (Groundball, 13S)
Batting: RHB Aaron Scott 0-0: Ball
1-0: Foul Ball, location: 2F
1-1: Ball
2-1: SINGLE (Flyball, 9LS)
John Cotton to second
Runner from 2nd tries for 3rd, OUT!
Aaron Scott to second
Batting: LHB Jeff Daniels 0-0: Ball
1-0: Ball
2-0: Fly out, F7 (Line Drive, 7S)
Bottom of the 3rd over - 0 run(s), 2 hit(s), 0 error(s), 1 left on base; Springfield 2 - Portland 0
TOP OF THE 4TH
Springfield Stars batting - Pitching for Portland Cards : LHP José Garza
Batting: SHB Shane Hutchinson 0-0: Ball
1-0: Swinging Strike
1-1: Swinging Strike
1-2: Strikes out swinging
Batting: SHB David García 0-0: Ball
1-0: Called Strike
1-1: Swinging Strike
1-2: Foul Ball, location: 2F
1-2: Ball
2-2: Strikes out swinging
Batting: RHB Will Sterling 0-0: Ball
1-0: Ball
2-0: Swinging Strike
2-1: Reached on error, E4 (Groundball, 4)
Batting: LHB Jesús Tobías 0-0: Called Strike
0-1: Ball
1-1: Foul Ball, location: 2F
1-2: Foul Ball, location: 2F
1-2: Fly out, F9 (Flyball, 89S)
Top of the 4th over - 0 run(s), 0 hit(s), 1 error(s), 1 left on base; Springfield 2 - Portland 0
BOTTOM OF THE 4TH
Portland Cards batting - Pitching for Springfield Stars : LHP Joaquín Gonzáles
Batting: RHB Paco Arellano 0-0: Ball
1-0: Called Strike
1-1: Foul Ball, location: 2F
1-2: Ball
2-2: Ball
3-2: Foul Ball, location: 2F
3-2: Foul Ball, location: 2F
3-2: Foul Ball, location: 2F
3-2: Foul Ball, location: 2F
3-2: Strikes out looking
Batting: LHB Paul Mullins 0-0: Ground out U3 (Groundball, 3L)
Batting: LHB Tom Blake 0-0: Swinging Strike
0-1: Called Strike
0-2: Strikes out swinging
Bottom of the 4th over - 0 run(s), 0 hit(s), 0 error(s), 0 left on base; Springfield 2 - Portland 0
TOP OF THE 5TH
Springfield Stars batting - Pitching for Portland Cards : LHP José Garza
Batting: RHB Norberto Taváres 0-0: Ball
1-0: Ground out 6-3 (Groundball, 6M)
Batting: RHB Juan Carlos Rodríguez 0-0: Ground out 2-3 (Groundball, 2L)
Batting: LHB Derek Davidson 0-0: Foul Ball, location: 2F
0-1: Foul Ball, location: 2F
0-2: Ball
1-2: SINGLE (Line Drive, 89M)
Batting: LHB Felipe Guerrero 0-0: Foul Ball, location: 2F
0-1: Called Strike
0-2: Ball
1-2: Ball
2-2: Strikes out swinging
Top of the 5th over - 0 run(s), 1 hit(s), 0 error(s), 1 left on base; Springfield 2 - Portland 0
BOTTOM OF THE 5TH
Portland Cards batting - Pitching for Springfield Stars : LHP Joaquín Gonzáles
Batting: RHB Dexter Potter 0-0: Called Strike
0-1: Ball
1-1: Swinging Strike
1-2: Ball
2-2: Strikes out swinging
Batting: LHB Keith Beard 0-0: Ball
1-0: Called Strike
1-1: Bunt for hit - play at first, batter safe!
Batting: RHB Dani Vázquez 0-0: Called Strike
0-1: Ball
1-1: Ball
2-1: Foul Ball, location: 2F
2-2: Ball
3-2: Fly out, F7 (Line Drive, 78M)
Batting: LHB John Cotton 0-0: Swinging Strike
0-1: Ball
1-1: Ball
2-1: Ball
3-1: Base on Balls
Keith Beard to second
Batting: RHB Aaron Scott 0-0: Ball
1-0: Foul Ball, location: 2F
1-1: Swinging Strike
1-2: Foul Ball, location: 2F
1-2: Strikes out swinging
Bottom of the 5th over - 0 run(s), 1 hit(s), 0 error(s), 2 left on base; Springfield 2 - Portland 0
TOP OF THE 6TH
Springfield Stars batting - Pitching for Portland Cards : LHP José Garza
Batting: RHB Juan Rodríguez 0-0: Ball
1-0: Ball
2-0: SINGLE (Line Drive, 56)
Pitching: LHP Mark Murchison
Batting: SHB Shane Hutchinson 0-0: Called Strike
0-1: Ball
1-1: Foul Ball, location: 2F
1-2: Foul Ball, location: 2F
1-2: Foul Ball, location: 2F
1-2: Grounds into double play, 5-4-3 (Groundball, 56)
Batting: SHB David García 0-0: Ball
1-0: Called Strike
1-1: Called Strike
1-2: Strikes out swinging
Top of the 6th over - 0 run(s), 1 hit(s), 0 error(s), 0 left on base; Springfield 2 - Portland 0
BOTTOM OF THE 6TH
Portland Cards batting - Pitching for Springfield Stars : LHP Joaquín Gonzáles
Batting: LHB Jeff Daniels 0-0: Called Strike
0-1: Foul Ball, location: 2F
0-2: Ball
1-2: Fly out, F7 (Flyball, 7LD)
Batting: RHB Paco Arellano 0-0: Called Strike
0-1: Ball
1-1: Foul Ball, location: 2F
1-2: Foul Ball, location: 2F
1-2: Strikes out swinging
Batting: LHB Paul Mullins 0-0: Ball
1-0: Ball
2-0: Fly out, F7 (Flyball, 78D)
Bottom of the 6th over - 0 run(s), 0 hit(s), 0 error(s), 0 left on base; Springfield 2 - Portland 0
TOP OF THE 7TH
Springfield Stars batting - Pitching for Portland Cards : LHP Mark Murchison
Batting: RHB Will Sterling 0-0: Foul Ball, location: 2F
0-1: Ball
1-1: Foul Ball, location: 2F
1-2: Ground out U3 (Groundball, 3S)
Batting: LHB Jesús Tobías 0-0: Swinging Strike
0-1: Swinging Strike
0-2: Ball
1-2: Ground out 4-3 (Groundball, 4M)
Batting: RHB Norberto Taváres 0-0: Called Strike
0-1: Called Strike
0-2: Ball
1-2: Strikes out swinging
Top of the 7th over - 0 run(s), 0 hit(s), 0 error(s), 0 left on base; Springfield 2 - Portland 0
BOTTOM OF THE 7TH
Portland Cards batting - Pitching for Springfield Stars : LHP Joaquín Gonzáles
Pitching: RHP Jorge Delgado
Batting: LHB Tom Blake 0-0: Ball
1-0: Ground out 4-3 (Groundball, 4)
Batting: RHB Dexter Potter 0-0: Ball
1-0: Ball
2-0: Ball
3-0: Base on Balls
Batting: LHB Keith Beard 0-0: Foul Ball, location: 2F
0-1: Called Strike
0-2: Ball
1-2: Ball
2-2: Foul Ball, location: 2F
2-2: Foul Ball, location: 2F
2-2: SINGLE (Line Drive, 4D)
Dexter Potter to second
Batting: RHB Dani Vázquez 0-0: Ball
1-0: Foul Ball, location: 2F
1-1: Called Strike
1-2: Foul Ball, location: 2F
1-2: SINGLE (Flyball, 7S)
Dexter Potter to third
Keith Beard to second
Batting: LHB John Cotton 0-0: Grounds into fielders choice 1-2 (Groundball, 15S)
Keith Beard to third
Dani Vázquez to second
Batting: RHB Aaron Scott 0-0: Ball
1-0: Foul Ball, location: 2F
1-1: Called Strike
1-2: Foul Ball, location: 2F
1-2: Ball
2-2: Fly out, F8 (Popup, 8RS)
Bottom of the 7th over - 0 run(s), 2 hit(s), 0 error(s), 3 left on base; Springfield 2 - Portland 0
TOP OF THE 8TH
Springfield Stars batting - Pitching for Portland Cards : LHP Mark Murchison
Pitching: RHP César Menéndez
Batting: RHB Juan Carlos Rodríguez 0-0: Called Strike
0-1: Called Strike
0-2: Ball
1-2: Foul Ball, location: 2F
1-2: Ball
2-2: Fly out, F3 (Line Drive, 3S)
Batting: LHB Derek Davidson 0-0: Foul Ball, location: 2F
0-1: Ball
1-1: Ground out 4-3 (Groundball, 4)
Batting: LHB Felipe Guerrero 0-0: Ground out 6-3 (Groundball, 6M)
Top of the 8th over - 0 run(s), 0 hit(s), 0 error(s), 0 left on base; Springfield 2 - Portland 0
BOTTOM OF THE 8TH
Portland Cards batting - Pitching for Springfield Stars : RHP Jorge Delgado
Batting: LHB Jeff Daniels 0-0: Foul Ball, location: 2F
0-1: SINGLE (Groundball, 3D)
Pitching: RHP Luis Cortéz
Batting: RHB Paco Arellano 0-0: Called Strike
0-1: Ground out U3 (Groundball, 3S)
Jeff Daniels to second
Pitching: LHP Jorge Aybar
Batting: LHB Paul Mullins 0-0: Ball
1-0: Called Strike
1-1: Foul Ball, location: 2F
1-2: Foul Ball, location: 2F
1-2: Ball
2-2: Ball
3-2: Foul Ball, location: 2F
3-2: Strikes out swinging
Batting: LHB Tom Blake 0-0: Ball
1-0: Foul Ball, location: 2F
1-1: Foul Ball, location: 2F
1-2: Ball
2-2: Foul Ball, location: 2F
2-2: Ball
3-2: Fly out, F8 (Flyball, 8RM)
Bottom of the 8th over - 0 run(s), 1 hit(s), 0 error(s), 1 left on base; Springfield 2 - Portland 0
TOP OF THE 9TH
Springfield Stars batting - Pitching for Portland Cards : RHP César Menéndez
Batting: RHB Juan Rodríguez 0-0: Fly out, F4 (Popup, 4MD)
Batting: SHB Shane Hutchinson 0-0: Foul Ball, location: 2F
0-1: Fly out, F4 (Line Drive, 4)
Batting: SHB David García 0-0: Called Strike
0-1: Swinging Strike
0-2: Fly out, F8 (Line Drive, 89XD)
Top of the 9th over - 0 run(s), 0 hit(s), 0 error(s), 0 left on base; Springfield 2 - Portland 0
BOTTOM OF THE 9TH
Portland Cards batting - Pitching for Springfield Stars : LHP Jorge Aybar
Pitching: RHP José Valdéz
Batting: RHB Dexter Potter 0-0: Ball
1-0: Ball
2-0: Ball
3-0: Called Strike
3-1: Base on Balls
Batting: LHB Keith Beard 0-0: Ball
1-0: Ball
2-0: Ball
3-0: Base on Balls
Dexter Potter to second
Batting: RHB Dani Vázquez 0-0: Called Strike
0-1: Ball
1-1: Ball
2-1: Ball
3-1: Foul Ball, location: 2F
3-2: SINGLE (Line Drive, 89S)
Dexter Potter to third
Keith Beard to second
Batting: LHB John Cotton 0-0: Called Strike
0-1: Ball
1-1: Ball
2-1: Foul Ball, location: 2F
2-2: Foul Ball, location: 2F
2-2: Strikes out swinging
Batting: RHB Aaron Scott 0-0: Called Strike
0-1: Called Strike
0-2: Foul Ball, location: 2F
0-2: Strikes out swinging
Batting: LHB Jeff Daniels 0-0: Ball
1-0: Swinging Strike
1-1: Ground out 4-3 (Groundball, 4)
Bottom of the 9th over - 0 run(s), 1 hit(s), 0 error(s), 3 left on base; Springfield 2 - Portland 0
Monday, December 5th, 2016 - OOTP Baseball 17.12 Build 75